 Dungeon Crawl Stone Soup version 0.24.0-37-gcf1ca852f1 (webtiles) character file.

Game seed: 1181341394176058226, levelgen mode: deterministic

39 theswoord the Twirler (level 3, -4/20 HPs)
             Began as a Deep Elf Gladiator on Nov 23, 2019.
             Killed from afar by Sigmund (8 damage)
             ... with a magic dart
             ... on level 2 of the Dungeon.
             The game lasted 00:01:51 (1385 turns).

theswoord the Twirler (Deep Elf Gladiator)          Turns: 1385, Time: 00:01:52

Health: -4/20      AC:  4    Str: 12    XL:     3   Next: 26%
Magic:  5/5        EV: 13    Int: 12    God:
Gold:   83         SH:  0    Dex: 16    Spells: 2/2 levels left

rFire    . . .     SeeInvis .   a - +0 quarterstaff
rCold    . . .     Gourm    .   (shield currently unavailable)
rNeg     . . .     Faith    .   b - +0 leather armour
rPois    +         Spirit   .   c - +0 helmet
rElec    .         Reflect  .   (no cloak)
rCorr    .         Harm     .   (no gloves)
MR       .....                  (no boots)
Stlth    +.........             (no amulet)
HPRegen  0.06/turn              l - ring of poison resistance
MPRegen  0.09/turn              (no ring)

@: no status effects
A: no striking features
a: no special abilities


You were on level 2 of the Dungeon.
You were hungry.

You visited 1 branch of the dungeon, and saw 2 of its levels.

You collected 83 gold pieces.

Inventory:

Hand Weapons
 a - a +0 quarterstaff (weapon)
Missiles
 d - 3 throwing nets
 g - 11 poisoned darts (quivered)
Armour
 b - a +0 leather armour (worn)
 c - a +0 helmet (worn)
Jewellery
 l - a ring of poison resistance (left hand)
Scrolls
 e - a scroll of amnesia {unknown}
 i - 2 scrolls of identify {unknown}
Potions
 h - a potion of degeneration {unknown}
 j - a potion of heal wounds {unknown}
Comestibles
 f - a ration
 k - 2 chunks of flesh


   Skills:
 - Level 1.5 Fighting
 + Level 4.4 Staves
 - Level 2.0 Throwing
 - Level 3.6 Dodging


You had 2 spell levels left.
You didn't know any spells.
Your spell library was empty.

Dungeon Overview and Level Annotations

Branches:
Dungeon (2/15)

Altars:

Annotations:
D:2 Sigmund


Message History

The poisoned dart barely misses the adder.
The adder closely misses you.
You hit the adder.
The adder is heavily wounded.
The adder bites you but does no damage. Something hits you!
* * * LOW HITPOINT WARNING * * *
The adder bites you.
* * * LOW HITPOINT WARNING * * *
You sock the adder!
You kill the adder!
Something hits you.
* * * LOW HITPOINT WARNING * * *
Throwing (i - inventory. (/) - cycle)
g - 11 poisoned darts (quivered)
Press: ? - help, Shift-Dir - straight line, f - you Really target yourself?
Okay, then.
You are feeling hungry.
A magic dart appears from out of thin air!
The magic dart hits you!
You die...

#.##....# #.##.#..#
#.##....####....(....##
#.##.......+....(....'
#.......####.........
####...## ....... ###.#
..... #.# .(. #@# #'#
#.# #(# #.# #)# #.#
######.## #.# #.......#
#.# #.#####..# #.####.#
..... #......# ......
######.# .####.


There were no monsters in sight!

Vanquished Creatures
  An adder (D:2)
  A dart slug (D:1)
  2 leopard geckos
  3 giant cockroaches
  2 goblins
  4 hobgoblins
  2 kobolds (D:1)
  3 bats (D:1)
  2 frilled lizards (D:1)
  7 rats
27 creatures vanquished.

Vanquished Creatures (others)
  A dart slug (D:2)
1 creature vanquished.

Grand Total: 28 creatures vanquished

Notes
Turn   | Place    | Note
-------+----------+-------------------------------------------
     0 | D:1      | theswoord the Deep Elf Gladiator began the quest for the
                  | Orb.
     0 | D:1      | Reached XP level 1. HP: 12/12 MP: 3/3
   230 | D:1      | Reached XP level 2. HP: 16/16 MP: 4/4
   589 | D:1      | Reached skill level 4 in Staves
  1306 | D:2      | Reached XP level 3. HP: 19/20 MP: 5/5
  1356 | D:2      | Noticed Sigmund
  1385 | D:2      | Killed from afar by Sigmund

Skill      XL: |  1  2 |
---------------+-------+-----
Staves         | 4 |  4.4
Fighting       | |  1.5
Throwing       | |  2.0
Dodging        | |  3.6

Action                   || total
-------------------------++-------
Melee: Quarterstaff      ||    81
Throw: Dart              ||     6
  Eat: Chunk             ||     1
Armor: Leather armour    ||    29
Dodge: Dodged            ||    81

Levels and vault maps discovered:
D:1:      sevenhm_arrival_forest_fort_large_2, layout_basic, minmay_pentomino_t4
D:2:      layout_loops_corners, nicolae_overflow_crystal_walls,
          elyvilon_altar_4, columned_hall_lemuel, grunt_decor_resistance,
          uniq_sigmund, uniq_jessica
